 Dungeon Crawl Stone Soup version 0.31-a0-1570-g93c622d222 (webtiles) character file.

Game seed: 17176675656418526826

487 Hubris850 the Trooper (level 7, -4/76 HPs)
             Began as an Oni Gladiator on Jan 3, 2024.
             Was an Initiate of Makhleb.
             Slain by Duvessa
             ... wielding a +0 rapier of electrocution
              (5 damage)
             ... on level 5 of the Dungeon.
             The game lasted 00:08:11 (4014 turns).

Hubris850 the Trooper (Oni Gladiator)               Turns: 4014, Time: 00:08:11

Health: -4/76      AC:  3    Str: 19    XL:     7   Next: 13%
Magic:  7/7        EV: 10    Int: 11    God:    Makhleb [......]
Gold:   261        SH:  0    Dex: 10    Spells: 6/6 levels left

rFire   . . .        a - +0 quarterstaff
rCold   . . .        (shield currently unavailable)
rNeg    . . .        b - +0 robe
rPois   .            c - +0 hat
rElec   .            (no cloak)
rCorr   .            (gloves unavailable)
SInv    .            (boots unavailable)
Will    .....        x - amulet of faith
Stlth   +            (no ring)
HPRegen 0.32/turn    (no ring)
MPRegen 0.10/turn

%: faith
@: no status effects
A: large, unfitting armour, horns 1, tough skin 1, double potion healing,
drunken brawling
a: Renounce Religion


You were on level 5 of the Dungeon.
You worshipped Makhleb.
Makhleb was noncommittal.
You visited 2 branches of the dungeon, and saw 6 of its levels.

You collected 261 gold pieces.

Inventory:

Hand Weapons
 a - a +0 quarterstaff (weapon)
Missiles
 d - 2 throwing nets
 e - a large rock
 i - 10 poisoned darts (quivered)
Armour
 b - a +0 robe (worn)
 c - a +0 hat (worn)
 p - an orb of wrath
Magical Staves
 t - a staff of cold
Jewellery
 u - an amulet of regeneration
 x - an amulet of faith (around neck)
Wands
 w - a wand of digging (5)
Scrolls
 g - a scroll of noise {unknown}
 h - a scroll of enchant weapon {unknown}
 j - 2 scrolls of teleportation {unknown}
 l - 3 scrolls of identify {unknown}
 m - 3 scrolls of immolation {unknown}
 o - a scroll of vulnerability {unknown}
 q - a scroll of fear {unknown}
 v - a scroll of blinking {unknown}
 y - a scroll of torment {unknown}
 z - a scroll of poison {unknown}
Potions
 f - 4 potions of curing {unknown}
 k - a potion of brilliance {unknown}
 n - a potion of mutation {unknown}
 r - 3 potions of lignification {unknown}
 s - 2 potions of heal wounds {unknown}
 A - a potion of haste {unknown}


   Skills:
 + Level 6.8 Fighting
 + Level 5.6 Staves
 - Level 2.0 Throwing
 - Level 3.5 Dodging


You had 6 spell levels left.
You didn't know any spells.
Your spell library contained the following spells:

 Spells                   Type           Power      Damage    Failure   Level
 Olgreb's Toxic Radiance  Alch           0%         N/A       98%         4
 Ozocubu's Refrigeration  Ice            0%         4d7       100%        7
 Discord                  Hex            0%         N/A       100%        8


Dungeon Overview and Level Annotations

Branches:
Dungeon (5/15)             Temple (1/1) D:4

Altars:
Ashenzari
Dithmenos
Elyvilon
Hepliaklqana
Makhleb
Okawaru
Qazlal
Ru
Sif Muna
Uskayaw
Vehumet
Xom
Yredelemnul
The Shining One

Annotations:
D:5 Duvessa


Innate Abilities, Weirdness & Mutations

You are too large for most types of armour.
You have a pair of small horns on your head.
You have tough skin. (AC +1)
You gain doubled healing and magic from potions.
Whenever you drink a healing potion, you attack all around you.


Message History

Duvessa hits you with a +0 rapier of electrocution.
You sock Duvessa!
Duvessa is lightly wounded.
Duvessa barely misses you.
Duvessa hits you with a +0 rapier of electrocution!
You are too injured to fight recklessly!
You are too injured to fight recklessly!
You are too injured to fight recklessly!
Throw: 3 throwing nets
Press: ? - help, Shift-Dir - straight line, f - Duvessa
Aim: Duvessa, wielding a +0 rapier of electrocution and wearing a +0 chain mail (lightly wounded, berserk, 69% to hit)
You throw a throwing net. The throwing net hits Duvessa.
Duvessa is caught in the net!
Duvessa is lightly wounded.
Duvessa struggles against the net.
You hit Duvessa.
Duvessa is moderately wounded.
Duvessa struggles against the net. x2
You hit Duvessa.
Duvessa is moderately wounded.
Duvessa struggles against the net. x2
You hit Duvessa but do no damage. You headbutt Duvessa, but do no damage.
Duvessa is moderately wounded.
Duvessa struggles against the net.
The net rips apart, and Duvessa comes free!
You hit Duvessa but do no damage. Your headbutt misses Duvessa.
Duvessa is moderately wounded.
Duvessa hits you with a +0 rapier of electrocution!
* * * LOW HITPOINT WARNING * * *
Duvessa barely misses you.
You hit Duvessa but do no damage. You headbutt Duvessa, but do no damage.
Duvessa is moderately wounded.
Duvessa hits you with a +0 rapier of electrocution.
* * * LOW HITPOINT WARNING * * *
You hit Duvessa.
Duvessa is moderately wounded.
Duvessa hits you with a +0 rapier of electrocution!
* * * LOW HITPOINT WARNING * * *
Duvessa hits you with a +0 rapier of electrocution.
You die...

#.###...##.###.#
##...###.###.##
#..#.......#..
#........#.#.#
........##.$#.#.#
##.#.#####..$†..#
#... #!...).##
.##. #.......# #.
#. #...?.@.#
........e.#
....######.# ...>
.# .... .. .. ...
.... ....


You could see Duvessa (berserk).

Vanquished Creatures
  An ogre (D:4)
  A phantom (D:5)
  2 scorpions (D:4)
  Dowan (D:5)
  A hound (D:4)
  An orc wizard (D:4)
  5 adders
  A ribbon worm (D:2)
  2 dart slugs
  4 orcs (D:4)
  2 bats
  4 endoplasms
  3 giant cockroaches
  4 goblins
  5 hobgoblins
  2 kobolds (D:2)
  2 quokkas
  7 ball pythons
  2 frilled lizards
  3 rats
53 creatures vanquished.

Notes
Turn   | Place    | Note
-------+----------+-------------------------------------------
     0 | D:1      | Hubris850 the Oni Gladiator began the quest for the Orb.
     0 | D:1      | Reached XP level 1. HP: 22/22 MP: 1/1
   420 | D:1      | Reached skill level 3 in Fighting
   420 | D:1      | Reached XP level 2. HP: 31/31 MP: 2/2
  1306 | D:2      | Reached XP level 3. HP: 35/37 MP: 3/3
  1670 | D:2      | You fall into a shaft and drop 2 floors!
  1824 | D:4      | Noticed a scorpion
  1833 | D:4      | Killed a scorpion
  1834 | D:4      | Reached skill level 4 in Fighting
  1834 | D:4      | Reached XP level 4. HP: 39/49 MP: 4/4
  1923 | D:4      | Reached XP level 5. HP: 55/55 MP: 5/5
  2406 | D:3      | Reached skill level 5 in Fighting
  2716 | D:3      | Found a radiant altar of Vehumet.
  3265 | D:4      | Reached XP level 6. HP: 44/66 MP: 6/6
  3481 | D:4      | Reached skill level 6 in Fighting
  3481 | D:4      | Reached skill level 5 in Staves
  3514 | D:4      | Found a staircase to the Ecumenical Temple.
  3523 | Temple   | Entered the Ecumenical Temple
  3561 | Temple   | Became a worshipper of Makhleb the Destroyer
  3829 | D:5      | Entered Level 5 of the Dungeon
  3844 | D:5      | Reached XP level 7. HP: 48/76 MP: 7/7
  3995 | D:5      | Noticed Dowan
  3997 | D:5      | Noticed Duvessa
  4003 | D:5      | Killed Dowan
  4014 | D:5      | HP: 1/76 [Duvessa/+0 rapier of electrocution (13)]
  4014 | D:5      | Slain by Duvessa

Illustrated notes

Levels and vault maps discovered:
D:1:      tarquinn_simple_flora_water_c, layout_basic
D:2:      layout_basic, hangedman_decor_opposing
D:3:      layout_basic, vehumet_crystals
D:4:      layout_basic, minmay_temple_entry_poolview, chequers_mini_garden,
          grunt_decor_junction
D:5:      layout_loops_cross, kennysheep_mini_moat, serial_aquarium,
          aquarium_bridge_long_joined [aquarium_subvault_wall,
          aquarium_subvault_window, aquarium_subvault_window,
          aquarium_subvault_bridge, aquarium_subvault_window,
          aquarium_subvault_balcony], aquarium_window_fake,
          aquarium_window_corridor_2, aquarium_window_2, aquarium_view_2c,
          aquarium_view_2f, grunt_ministairs_10, uniq_duvessa, uniq_grinder,
          uniq_ijyb
Temple:   nicolae_temple_bog_church

Skill      XL: |  1  2  3  4  5  6 |
---------------+-------------------+-----
Fighting       | 3 4 5 6 |  6.8
Dodging        | 3 |  3.5
Staves         | 4 5 |  5.6
Throwing       | |  2.0

Action                     |  1- 3 |  4- 6 |  7- 9 || total
---------------------------+-------+-------+-------++-------
  Melee: Quarterstaff      |    71 |    85 |    14 ||   170
         Headbutt          |     8 |    12 |     4 ||    24
  Throw: Dart              |     7 |     3 |       ||    10
         Throwing net      |       |       |     1 ||     1
 Armour: Robe              |    43 |    56 |     9 ||   108
  Dodge: Dodged            |    34 |    36 |     4 ||    74

Table legend: (Time is in decaauts)
 A = Elapsed time spent in this place.
 B = Non-inter-level travel time spent in this place.
 C = Inter-level travel time spent in this place.
 D = Time resting spent in this place.
 E = Time spent auto-exploring this place.
 F = Levels seen in this place.
 G = Mean time per level.
                   A        B        C        D        E       F      G
               +--------+--------+--------+--------+--------+-----+--------+
         Total |   4029 |   3880 |    149 |      0 |   3405 |   6 |  671.5 |
       Dungeon |   3974 |   3841 |    133 |      0 |   3405 |   5 |  794.8 |
        Temple |     54 |     38 |     16 |      0 |      0 |   1 |   54.0 |
               +--------+--------+--------+--------+--------+-----+--------+

Top non-repeatable levels by time:
     D:4: 1116 daAuts
     D:2: 1018 daAuts
     D:1: 952 daAuts
     D:3: 701 daAuts
     D:5: 185 daAuts
  Temple: 54 daAuts
